 Dungeon Crawl Stone Soup version 0.27.1-33-g824d729ab1 (webtiles) character file.

Game seed: 177866883970770296

4 Descartes the Skirmisher (level 1, 0/12 HPs)
             Began as a Felid Wanderer on Nov 25, 2021.
             Slain by a jackal (2 damage)
             ... on level 1 of the Dungeon.
             The game lasted 00:00:41 (361 turns).

Descartes the Skirmisher (Felid Wanderer)            Turns: 361, Time: 00:00:42

Health: 0/12       AC:  1    Str:  9    XL:     1   Next: 58%
Magic:  4/4        EV: 16    Int: 11    God:
Gold:   8          SH:  0    Dex: 16    Spells: 4/4 levels left
                                        Lives:  0   Deaths: 0

rFire    . . .     SeeInvis +   (weapon unavailable)
rCold    . . .     Faith    .   (shield unavailable)
rNeg     . . .     Spirit   .   (armour unavailable)
rPois    .         Reflect  .   (helmet unavailable)
rElec    .         Harm     .   (cloak unavailable)
rCorr    .         Rampage  .   (gloves unavailable)
Will     .....                  (boots unavailable)
Stlth    ++........             (no amulet)
HPRegen  0.04/turn              (no ring)
MPRegen  0.09/turn              (no ring)

@: quick
A: very small, claws 1, fangs 3, see invisible, speed 1, shaggy fur 1, stealthy
paws, no weapons or thrown items, no armour, multi-lived
a: no special abilities


You were on level 1 of the Dungeon.
You visited 1 branch of the dungeon, and saw 1 of its levels.

You collected 8 gold pieces.

Inventory:

Potions
 a - 2 potions of lignification
 b - a potion of curing {unknown}
 c - a potion of berserk rage {unknown}
 d - 2 potions of flight {unknown}
 e - a potion of cancellation {unknown}


   Skills:
 - Level 5.0 Fighting
 * Level 1.3 Dodging
 - Level 2.6 Stealth
 + Level 0.4 Unarmed Combat
 - Level 2.0 Spellcasting
 - Level 1.5 Hexes


You had 4 spell levels left.
You didn't know any spells.
Your spell library was empty.

Dungeon Overview and Level Annotations

Branches:
Dungeon (1/15)

Altars:


Innate Abilities, Weirdness & Mutations

You have sharp claws.
You have razor-sharp teeth.
You have supernaturally acute eyesight. (SInv)
You cover ground quickly. (Speed+)
You are covered in fur. (AC +1)
Your paws help you pounce on unaware monsters.
You are incapable of wielding weapons or throwing items.
You cannot wear armour.
You gain extra lives every three experience levels.


Message History

The jackal is almost dead.
The jackal barely misses you. The jackal misses you.
The jackal completely misses you.
The jackal bites you but does no damage.
You scratch the jackal but do no damage.
The jackal is almost dead.
The jackal barely misses you. The jackal bites you.
You are too injured to fight recklessly!
You are too injured to fight recklessly!
You are too injured to fight recklessly!
You are too injured to fight recklessly!
You are too injured to fight recklessly!
You are too injured to fight recklessly!
You are too injured to fight recklessly!
You are too injured to fight recklessly!
You are too injured to fight recklessly!
You are too injured to fight recklessly!
You are too injured to fight recklessly!
You are too injured to fight recklessly!
You are too injured to fight recklessly!
You are too injured to fight recklessly!
You are too injured to fight recklessly!
You are too injured to fight recklessly!
You are too injured to fight recklessly!
There are monsters nearby!
You closely miss the jackal.
The jackal is almost dead.
The jackal misses you. x2; The jackal completely misses you.
Unknown command.
You closely miss the jackal.
The jackal is almost dead.
The jackal closely misses you. The jackal barely misses you.
The jackal bites you.
* * * LOW HITPOINT WARNING * * *
You scratch the jackal but do no damage.
The jackal is almost dead.
The jackal bites you.
* * * LOW HITPOINT WARNING * * *
The jackal bites you.
You die...

#. ## ##. # .. .... #..
#.#.###### #.. ##.#
#..!.....# ##.## #..#
#..8.⌠.8.# #...# #.##
#.......# #...###.##
#.⌠._.h.######...#.#.#.
#....h@..##........#...
#..8.⌠.8..##.†..........
#.....?...##........#...
#.#..##.............#.#.
#...# #.####........#.##
###. #.#####.#...###.##
# ........##.## #..
##.#####.##.# ##. #.
..##.# .


You could see 2 jackals.

Vanquished Creatures
  A goblin (D:1)
  2 hobgoblins (D:1)
  A kobold (D:1)
4 creatures vanquished.

Notes
Turn   | Place    | Note
-------+----------+-------------------------------------------
     0 | D:1      | Descartes the Felid Wanderer began the quest for the Orb.
     0 | D:1      | Descartes set off with the following items: 2 potions of
                  | lignification
     0 | D:1      | Reached XP level 1. HP: 12/12 MP: 4/4
   124 | D:1      | Reached skill level 1 in Dodging
   347 | D:1      | Found a faded altar of an unknown god.
   361 | D:1      | Slain by a jackal

Illustrated notes

Levels and vault maps discovered:
D:1:      dpeg_arrival_central, layout_loops_ring,
          hellmonk_ecumenical_altar_dog_temple, hangedman_decor_push

Skill      XL: |  1 |
---------------+----+-----
Dodging        | 1 |  1.3
Fighting       | |  5.0
Stealth        | |  2.6
Unarmed Combat | |  0.4
Spellcasting   | |  2.0
Hexes          | |  1.5

Action                   || total
-------------------------++-------
Melee: Unarmed           ||    22
       Bite              ||     2
 Stab: Sleeping          ||     1
Armor: Skin              ||     3
Dodge: Dodged            ||    21
